 Dungeon Crawl Stone Soup version 0.16-a0-1340-g52d2f03 (webtiles) character file.

11251 Psiweapon the Basher (level 11, -4/77 (78) HPs)
             Began as a Vampire Fighter on Oct 17, 2014.
             Was a High Priest of Okawaru.
             Slain by a guardian serpent (8 damage)
             ... on level 1 of the Lair of Beasts on Oct 18, 2014.
             The game lasted 01:42:12 (13318 turns).

Psiweapon the Basher (Vampire Fighter)             Turns: 13318, Time: 01:42:12

HP:   -4/77 (78)    AC:  0    Str: 11    XL:     11   Next: 46%
MP:   0/16          EV: 25    Int: 10    God:    Okawaru [*****.]
Gold: 375           SH:  0    Dex: 18    Spells: 1 memorised, 9 levels left

rFire  . . .     SeeInvis +     j - melded +1 whip (elec)
rCold  . . .     Clarity  .     n - melded +3 ring mail {rC+}
rNeg   + . .     SustAb   .     c - melded +0 shield
rPois  .         Gourm    .     o - melded +0 hat
rElec  .         Spirit   +     A - melded +0 cloak
rCorr  .         Warding  .     Z - melded +0 pair of gloves
rMut   .         Stasis   .     i - melded +0 pair of boots
MR     +....                    E - amulet of guardian spirit
Stlth  ++........               (ring currently unavailable)
                                U - melded ring "Jacae" {+Rage rElec rF+ Int+4 Stlth+}

@: lethally poisoned, about to teleport, bat-form, flying, very quick, somewhat
resistant to hostile enchantments, unstealthy
A: bottle blood, (fangs 0), see invisible, clumsy 1, low mp 1, (unbreathing)
a: Bottle Blood, End Transformation, Heroism, Finesse, Renounce Religion


You were on level 1 of the Lair of Beasts.
You worshipped Okawaru.
Okawaru was extremely pleased with you.
You were not thirsty.
You were in vampire-bat-form.
You visited 3 branches of the dungeon, and saw 13 of its levels.
You visited the Abyss 1 time.
You also visited: Ossuary.

You collected 774 gold pieces.
You spent 399 gold pieces at shops.

Inventory:

Hand weapons
 j - a +1 whip of electrocution (melded)
 w - a +1 falchion of distortion
Missiles
 h - 35 stones (quivered)
Armour
 c - a +0 shield (melded)
 i - a +0 pair of boots (melded)
 n - a +3 ring mail of cold resistance (melded)
 o - a +0 hat (melded)
 A - a +0 cloak (melded)
 Z - a +0 pair of gloves (melded)
Jewellery
 a - an uncursed ring of ice
 q - an uncursed ring of fire
 z - an uncursed amulet of resist mutation
 E - an amulet of guardian spirit (around neck)
 Q - an uncursed ring of flight
 U - the ring "Jacae" (melded) {+Rage rElec rF+ Int+4 Stlth+}
   (You found it on level 7 of the Dungeon)

   [ring of stealth]

   It affects your intelligence (+4).
   It protects you from fire.
   It insulates you from electricity.
   It lets you go berserk.
   It makes you more stealthy.
Magical devices
 b - a wand of polymorph (14)
 f - a wand of slowing (11)
 p - a wand of random effects (17)
 G - a wand of confusion (21)
 K - a wand of fireball (0)
 M - a wand of disintegration (16)
 R - a wand of flame (18)
 T - a wand of magic darts (17)
Scrolls
 d - 4 scrolls of recharging
 l - 2 scrolls of enchant armour
 v - 4 scrolls of remove curse
 I - 2 scrolls of teleportation
 J - 4 scrolls of amnesia
 P - 2 scrolls of fog
 Y - a scroll of fear
Potions
 e - a potion of cure mutation {unknown}
 g - 2 potions of magic {unknown}
 k - 3 potions of heal wounds
 r - 4 potions of haste
 s - a potion of invisibility {unknown}
 t - 4 potions of curing
 u - 2 potions of agility
 y - a potion of restore abilities {unknown}
 B - a potion of flight
 D - 7 potions of brilliance
 N - 4 potions of resistance
 O - 2 potions of cancellation
 V - a potion of mutation
Books
 C - a book of Envenomations

   Spells                             Type                      Level
   Spider Form                        Transmutation/Poison         3
   Alistair's Intoxication            Transmutation/Poison         4
   *Olgreb's Toxic Radiance           Poison                       4
   Poisonous Cloud                    Conjuration/Poison/Air       6


   Skills:
 - Level 4.8 Fighting
 - Level 6.5 Long Blades
 - Level 10.1 Maces & Flails
 - Level 4.3 Armour
 - Level 6.2 Dodging
 - Level 0.4 Stealth
 - Level 5.6 Shields
 + Level 1.7 Spellcasting
 + Level 1.6 Poison Magic
 - Level 3.7 Invocations
 - Level 4.2 Evocations


You had 9 spell levels left.
You knew the following spells:

 Your Spells              Type           Power        Failure   Level  Hunger
a - Olgreb's Toxic Radia  Pois           #.......     99%         4    #####..


Dungeon Overview and Level Annotations

Branches:
Dungeon (11/15)            Temple (0/1) D:7             Orc (1/4) D:10
   Lair (1/8) D:10

Altars:
Ashenzari
Elyvilon
Fedhas
Gozag
Kikubaaqudgha
Makhleb
Okawaru
Sif Muna
Xom
Zin
The Shining One
Beogh

Shops:
D:9 (!

Annotations:
D:9 1 exclusion


Innate Abilities, Weirdness & Mutations

You can bottle blood from corpses.
((You have razor-sharp teeth.))
You have supernaturally acute eyesight.
((You can survive without breathing.))
[You are clumsy. (Dex -2)]
[Your magical capacity is low (-10% MP).]


Message History

The guardian serpent completely misses you.
You feel yourself speed up.
The guardian serpent seems to regain its courage.
The guardian serpent barely misses you. The guardian serpent hits you!
* * * LOW HITPOINT WARNING * * *
You feel sick.
The death knight offers itself to Yredelemnul, and fills with unholy energy.
There is a gateway leading out of the Abyss here.
The guardian serpent misses you.
You pass through the gate.
Welcome back to the Lair of Beasts!
Items here: ! (((( )))) : You feel sick.
The guardian serpent coils itself and waves its upper body at you.
You resist with some effort.
Read which item? (? for menu, Esc to quit)
As you read the scroll of teleportation, it crumbles to dust.
You feel strangely unstable. The guardian serpent hits you!
You die...

.#.##.########.#.##
..................#
..................##
......########P....#
......# ###..##
.#.##.# ##...#
####..# #:..## ##.##
##S..# #.P# #b.## #
###.##########..#
###...........)...##
..................P#
P###.######.......##
## ### #.......# #
### #.......#
#######.###.......#
..................##


You could see a guardian serpent.

Vanquished Creatures
  Fannar (D:11)
  An unseen horror (D:10)
  Pikel (D:6)
  A hill giant (D:11)
  A komodo dragon (Lair:1)
  A wandering mushroom (D:9)
  A fire drake (Lair:1)
  A hydra zombie (D:9)
  A two-headed ogre (D:9)
  6 yaks (D:9)
  2 deep elf magi
  A hungry ghost (Abyss:1)
  A hippogriff (D:8)
  Eustachio (D:6)
  Grum (D:10)
  A deep elf fighter (D:10)
  A wyvern (D:9)
  Edmund (D:5)
  5 wolves
  A water moccasin (D:10)
  2 phantoms
  5 orc warriors
  6 ogres
  A sky beast (D:9)
  2 centaurs
  An ice beast (D:10)
  Sigmund (D:2)
  6 crocodiles
  A necrophage (D:11)
  5 elf zombies (Ossuary)
  A big kobold (D:11)
  Blork the orc (D:5)
  11 giant frogs
  2 scorpions
  A troll zombie (D:8)
  5 killer bees (D:11)
  7 crimson imps
  4 human zombies (Ossuary)
  A gnoll shaman (D:4)
  2 jellies (D:11)
  3 centaur zombies (Ossuary)
  Crazy Yiuf (D:2)
  5 orc priests
  4 hounds
  7 orc wizards
  Natasha (thrice) (D:3)
  2 iguanas
  7 worker ants
  A killer bee zombie (D:9)
  Ijyb (D:3)
  A hound zombie (D:9)
  3 mummies (Ossuary)
  11 adders
  12 green rats
  A shadow imp (D:6)
  5 giant mites
  A white imp (D:6)
  An ufetubus (D:6)
  3 worms
  An adder zombie (D:9)
  8 giant geckos
  2 oozes (D:2)
  16 orcs
  21 bats
  2 giant cockroaches
  16 goblins
  6 hobgoblins
  12 jackals
  6 quokkas
  A ball python (D:3)
  2 giant newts
  3 giant spores
  A hobgoblin skeleton (D:2)
  2 hobgoblin zombies
  16 kobolds
  A kobold zombie (D:7)
  An orc zombie (D:8)
  19 rats
  6 ballistomycetes
309 creatures vanquished.

Vanquished Creatures (others)
  4 slaves (D:6)
  A crimson imp (D:6)
  10 starspawn tentacles (Abyss:1)
  44 starspawn tentacle segments (Abyss:1)
59 creatures vanquished.

Grand Total: 368 creatures vanquished

Notes
Turn   | Place    | Note
--------------------------------------------------------------
     0 | D:1      | Psiweapon, the Vampire Fighter, began the quest for the Orb.
     0 | D:1      | Reached XP level 1. HP: 17/17 MP: 1/1
   270 | D:1      | Reached XP level 2. HP: 20/23 MP: 2/2
   614 | D:1      | Reached skill level 3 in Fighting
   915 | D:2      | Found an iron altar of Okawaru.
   918 | D:2      | Reached XP level 3. HP: 29/29 MP: 3/3
  1101 | D:2      | Became a worshipper of Warmaster Okawaru
  1426 | D:2      | Reached skill level 1 in Dodging
  1475 | D:2      | Noticed Sigmund
  1487 | D:2      | HP: 1/29 [Sigmund/scythe of venom (1)]
  1488 | D:2      | Killed Sigmund
  1488 | D:2      | Reached XP level 4. HP: 1/35 MP: 4/4
  1646 | D:2      | Reached XP level 5. HP: 41/41 MP: 5/5
  1711 | D:2      | Acquired Okawaru's first power
  2172 | D:2      | Noticed Crazy Yiuf
  2181 | D:2      | Killed Crazy Yiuf
  2585 | D:3      | Noticed Natasha
  2597 | D:3      | Killed Natasha
  2624 | D:3      | Noticed Ijyb
  2636 | D:3      | Killed Ijyb
  2636 | D:3      | Reached XP level 6. HP: 13/47 MP: 3/6
  2670 | D:3      | Noticed Natasha
  2674 | D:3      | Killed Natasha
  2856 | D:3      | Noticed Natasha
  2859 | D:3      | Killed Natasha
  2863 | D:3      | Found a shattered altar of Ashenzari.
  3489 | D:4      | Reached skill level 4 in Shields
  3500 | D:4      | Reached XP level 7. HP: 7/53 MP: 4/7
  3757 | D:5      | Entered Level 5 of the Dungeon
  3814 | D:5      | Noticed Edmund
  3831 | D:5      | Killed Edmund
  3863 | D:4      | Found a glowing silver altar of Zin.
  3863 | D:4      | Found an opulent altar of Gozag.
  3918 | D:5      | Noticed Blork the orc
  3937 | D:5      | Killed Blork the orc
  3937 | D:5      | Reached skill level 1 in Invocations
  3981 | D:5      | Reached skill level 1 in Evocations
  4448 | D:5      | Reached XP level 8. HP: 51/60 MP: 7/9
  4675 | D:5      | Reached skill level 5 in Dodging
  4912 | D:6      | Noticed Pikel
  4945 | D:6      | Killed Pikel
  4945 | D:6      | Reached skill level 5 in Long Blades
  4945 | D:6      | Reached skill level 6 in Dodging
  4945 | D:6      | Reached skill level 5 in Shields
  4997 | D:6      | Found a sand-covered staircase.
  5009 | Ossuary  | Entered an ossuary
  5390 | Ossuary  | Reached XP level 9. HP: 65/67 MP: 9/11
  5402 | Ossuary  | Reached skill level 1 in Maces & Flails
  5587 | D:6      | Found a glowing golden altar of the Shining One.
  6184 | D:6      | Noticed Eustachio
  6200 | D:6      | Killed Eustachio
  6430 | D:7      | Found a staircase to the Ecumenical Temple.
  6644 | D:7      | Got a transparent lead ring
  6646 | D:7      | Identified the ring "Jacae" {+Rage rElec rF+ Int+4 Stlth+} (You found it on level 7 of the Dungeon)
  7082 | D:8      | Reached skill level 5 in Maces & Flails
  8405 | D:9      | Reached skill level 7 in Maces & Flails
  8405 | D:9      | Reached XP level 10. HP: 54/73 MP: 12/12
  9073 | D:9      | Found an ancient bone altar of Kikubaaqudgha.
  9074 | D:9      | Found a deep blue altar of Sif Muna.
  9089 | D:9      | Found Yjahu's Antique Weapon Shoppe.
  9109 | D:9      | Bought a dazzling blowgun for 255 gold pieces
  9110 | D:9      | Identified the cursed -3 blowgun of Kasch {speed, rC++ Int+1 Stlth---} (You bought it in a shop on level 9 of the Dungeon)
  9454 | D:9      | Found a blossoming altar of Fedhas.
  9720 | D:9      | Reached skill level 8 in Maces & Flails
  9730 | D:9      | Found a burning altar of Makhleb.
  9730 | D:9      | Found a shimmering altar of Xom.
  9733 | D:9      | Paralysed by a crimson imp for 2 turns
 10141 | D:9      | Found Plefush's Distillery.
 10157 | D:9      | Bought a potion of heal wounds for 36 gold pieces
 10157 | D:9      | Bought a potion of curing for 24 gold pieces
 10157 | D:9      | Bought a potion of haste for 84 gold pieces
 10184 | D:10     | Entered Level 10 of the Dungeon
 10210 | D:10     | Reached skill level 9 in Maces & Flails
 10441 | D:10     | Found a staircase to the Lair.
 10861 | D:10     | Noticed Grum
 10877 | D:10     | Killed Grum
 11094 | D:10     | Found a staircase to the Orcish Mines.
 11153 | D:10     | Reached XP level 11. HP: 57/78 MP: 3/16
 11258 | D:10     | Found a roughly hewn altar of Beogh.
 11259 | D:10     | Noticed an unseen horror
 11270 | D:10     | Killed an unseen horror
 11293 | D:10     | Acquired Okawaru's second power
 11448 | D:11     | Found a white marble altar of Elyvilon.
 11524 | D:11     | Noticed Fannar
 11549 | D:11     | Killed Fannar
 11549 | D:11     | Reached skill level 10 in Maces & Flails
 11561 | D:11     | Noticed a hill giant
 11575 | D:11     | Killed a hill giant
 12039 | Orc:1    | Entered Level 1 of the Orcish Mines
 12092 | Lair:1   | Entered Level 1 of the Lair of Beasts
 12192 | Lair:1   | Received a gift from Okawaru
 12314 | Lair:1   | Learned a level 4 spell: Olgreb's Toxic Radiance
 12611 | Lair:1   | Reached skill level 1 in Spellcasting
 12622 | Lair:1   | Reached skill level 1 in Poison Magic
 12920 | Lair:1   | Cast into the Abyss (a distortion unwield)
 12977 | Abyss:1  | Noticed a tentacled starspawn
 12995 | Abyss:1  | Noticed a large abomination
 13014 | Abyss:1  | Noticed an unborn
 13152 | Abyss:1  | Noticed a tentacled starspawn
 13158 | Abyss:1  | Noticed a red very ugly thing
 13184 | Abyss:1  | Noticed a wretched star
 13188 | Abyss:1  | Noticed a starcursed mass
 13232 | Abyss:1  | Noticed a bone dragon
 13288 | Abyss:1  | Noticed a death knight
 13315 | Lair:1   | Escaped the Abyss
 13318 | Lair:1   | Slain by a guardian serpent

Action                   |  1- 3 |  4- 6 |  7- 9 | 10-12 || total
-------------------------+-------+-------+-------+-------++-------
Melee: Long sword        |   102 |   230 |   190 |       ||   522
       Whip              |       |       |   351 |   559 ||   910
       Unarmed           |       |       |       |     3 ||     3
       Falchion          |       |       |       |   108 ||   108
Throw: Stone             |       |       |     2 |     3 ||     5
Invok: Heroism           |       |     4 |    10 |    10 ||    24
 Abil: Bottle Blood      |       |       |     4 |     1 ||     5
       Bat Form          |       |       |       |     1 ||     1
Evoke: Wand              |       |       |    15 |     6 ||    21
  Use: Potion            |     1 |     1 |     4 |     4 ||    10
       Scroll            |       |       |    21 |    11 ||    32
 Stab: Sleeping          |       |       |     1 |     3 ||     4
  Eat: Corpse            |    14 |     9 |     3 |    16 ||    42
